 Dungeon Crawl Stone Soup version 0.21.1-1-g345015fe64 (webtiles) character file.

116967 KamiKatze the Severer (level 16, -10/185 HPs)
             Began as an Ogre Fighter on Feb 23, 2018.
             Was the Champion of Trog.
             Mangled by a shambling mangrove (15 damage)
             ... on level 3 of the Swamp.
             The game lasted 02:36:17 (37488 turns).

KamiKatze the Severer (Ogre Fighter)               Turns: 37488, Time: 02:36:19

Health: -10/185    AC:  9    Str: 26    XL:     16   Next: 72%
Magic:  0/5        EV: 11    Int:  9    God:    Trog [******]
Gold:   2424       SH: 13    Dex: 11    Spells: 15/15 levels left

rFire    . . .     SeeInvis .   a - +5 broad axe (antimagic)
rCold    + . .     Gourm    .   c - +2 shield
rNeg     . . .     Faith    .   A - +3 robe "Veelaoma" {MR+}
rPois    +         Spirit   +   (helmet restricted)
rElec    .         Reflect  .   h - +2 cloak {MR+}
rCorr    .         Harm     .   (gloves unavailable)
MR       +++..                  (boots unavailable)
Stlth    +.........             S - amulet of guardian spirit
HPRegen  0.40/turn              y - ring of poison resistance
MPRegen  0.09/turn              z - ring of protection from cold

@: about to teleport, grasped by roots, very slow
A: large, unfitting armour, tough skin 1
a: Berserk, Trog's Hand, Brothers in Arms, Burn Spellbooks, Renounce Religion


You were on level 3 of the Swamp.
You worshipped Trog.
Trog was exalted by your worship.
You were not hungry.

You visited 5 branches of the dungeon, and saw 27 of its levels.
You also visited: Ice Cave.

You collected 2968 gold pieces.
You spent 544 gold pieces at shops.

Inventory:

Hand Weapons
 a - a +5 antimagic broad axe (weapon)
 b - a +1 war axe of flaming
 w - a +0 blowgun
Missiles
 i - 36 poisoned needles
 m - 11 javelins of returning
 x - 6 javelins
 K - 4 throwing nets
 M - 17 large rocks (quivered)
 W - 19 curare-tipped needles
 X - 3 silver javelins
Armour
 c - a +2 shield (worn)
 h - a +2 cloak of magic resistance (worn)
 A - the +3 robe "Veelaoma" (worn) {MR+}
   (You bought it in a shop on level 4 of the Dungeon)

   It affects your resistance to hostile enchantments.
 P - a +2 robe of fire resistance
Jewellery
 e - an uncursed ring of fire
 k - an uncursed ring of see invisible
 n - a +2 amulet of reflection
 r - an uncursed ring of resist corrosion
 y - a ring of poison resistance (left hand)
 z - a ring of protection from cold (right hand)
 S - an amulet of guardian spirit (around neck)
Wands
 g - a wand of iceblast (52)
 C - a wand of acid (10)
 G - a wand of paralysis (45)
 J - a wand of digging (19)
 L - a wand of flame (2)
 O - a wand of disintegration (32)
 V - a wand of polymorph (31)
Scrolls
 j - 6 scrolls of remove curse
 l - 2 scrolls of immolation
 o - 7 scrolls of blinking
 u - 8 scrolls of teleportation
 R - 2 scrolls of fog
 U - a scroll of fear
 Z - 2 scrolls of magic mapping
Potions
 d - 5 potions of might
 p - a potion of resistance
 q - 4 potions of flight
 t - a potion of heal wounds
 v - 3 potions of lignification
 F - 13 potions of curing
 H - a potion of ambrosia
 Y - 2 potions of haste
Comestibles
 f - 42 rations


   Skills:
 + Level 17.9 Fighting
 - Level 18.0 Axes
 - Level 5.0 Throwing
 + Level 13.3 Dodging
 - Level 9.1 Shields


You had 15 spell levels left.
You didn't know any spells.

Dungeon Overview and Level Annotations

Branches:
Dungeon (15/15)            Temple (1/1) D:7            Lair (6/6) D:11
  Swamp (3/4) Lair:4       Spider (0/4) Lair:4        Slime (0/5) Lair:5
    Orc (2/2) D:12            Elf (0/3) Orc:2        Vaults (0/5) D:14
 Depths (0/5) D:15

Altars:
Ashenzari
Cheibriados
Dithmenos
Elyvilon
Fedhas
Gozag
Hepliaklqana
Kikubaaqudgha
Makhleb
Nemelex Xobeh
Okawaru
Qazlal
Ru
Sif Muna
Trog
Uskayaw
Vehumet
Wu Jian
Xom
Yredelemnul
Zin
The Shining One

Shops:
D:4 [   D:10 *}   Orc:1 *   Orc:2 *=(**

Annotations:
D:15 1 runed door, exclusion: orange crystal statue
Lair:1 invis + tele?, exclusion: 6 oklob plants
Lair:4 Harold
Lair:5 exclusion: oklob plant


Innate Abilities, Weirdness & Mutations

You are too large for most types of armour.
You have tough skin. (AC +1)


Message History

The insubstantial wisp thrums sharply.
You are struck by lightning.
* * * LOW HITPOINT WARNING * * *
The lightning arcs!
The seven-headed hydra is struck by lightning.
The lightning arcs!
You are struck by lightning.
* * * LOW HITPOINT WARNING * * *
The lightning arcs!
The spriggan druid is struck by lightning.
The lightning arcs!
The seven-headed hydra is struck by lightning.
The lightning arcs!
The swamp drake is struck by lightning.
The lightning arcs!
The spriggan druid is engulfed in noxious fumes.
The swamp drake breathes noxious fumes at you.
The noxious blast engulfs the insubstantial wisp.
The insubstantial wisp appears unharmed.
You block the swamp drake's attack.
The spriggan druid is engulfed in noxious fumes.
The shambling mangrove hits you!
You die...

♣♣.. ♣♣..≈ ♣♣♣♣..≈≈
♣♣♣♣♣♣♣♣.†≈≈≈≈≈
♣♣♣♣♣♣♣♣♣.≈≈..≈≈.♣≈≈≈≈.
♣♣....≈≈..≈≈.≈≈≈.♣♣.≈≈≈≈
≈≈.≈§≈≈≈v§§≈.≈≈≈.♣♣.≈.≈≈
♣.≈≈≈≈♣♣k§§k.†.≈≈...♣≈..
.≈.≈≈≈.@Dii≈≈≈≈≈≈.♣♣♣.≈♣
.≈.≈..≈≈f≈≈..≈≈.≈♣♣ .≈♣
≈..≈≈≈≈y♣≈≈♣.≈..♣♣ ≈≈≈
§≈≈≈≈≈≈≈≈≈....§♣♣ ..
≈≈♣§.≈§≈≈≈≈≈≈≈≈♣
...≈.≈≈≈≈≈.≈≈..♣
♣♣≈≈.≈≈...≈≈♣.♣♣
♣♣.....v≈♣≈≈.♣ ≈♣.♣.≈ .♣


You could see a shambling mangrove, a seven-headed hydra, a spriggan druid, a
hornet (confused), 2 swamp drakes, a spriggan and 2 insubstantial wisps.

Vanquished Creatures
  Rupert (Lair:4)
  A thorn hunter (Lair:4)
  3 orc warlords
  The ghost of VanClaymore the Blocker, a journeyman GrEE of Qazlal (Orc:2)
  A vault guard (D:14)
  7 hydras
  2 ogre magi (D:15)
  2 centaur warriors
  An alligator (shapeshifter) (D:15)
  2 alligators
  9 two-headed ogres
  12 death yaks
  The ghost of hofbold the Nimble, a novice GnMo of Hepliaklqana (D:8)
  Urug (D:14)
  Nergalle (Lair:4)
  3 orc high priests (Orc:2)
  Sonja (D:14)
  A swamp dragon (Swamp:1)
  An unseen horror (D:13)
  A wizard (D:15)
  A lindwurm (D:14)
  8 orc knights
  A wolf spider zombie (D:13)
  A necromancer (IceCv)
  3 manticores
  5 orc sorcerers (Orc:2)
  13 ugly things
  3 cyclopes
  5 centaur zombies
  15 elephants
  Joseph (D:9)
  A salamander (D:15)
  6 black mambas
  An ice statue (IceCv)
  21 spiny frogs
  Psyche (D:9)
  A torpor snail (Lair:4)
  3 centaur skeletons
  A kobold demonologist (D:14)
  11 freezing wraiths
  6 komodo dragons
  4 rime drakes
  5 polar bears
  5 trolls
  Grinder (D:6)
  7 hippogriffs
  6 hornets
  12 blink frogs
  A tyrant leech (Swamp:1)
  2 slime creatures (D:15)
  A harpy skeleton (D:15)
  A bog body (Swamp:1)
  A dream sheep (Lair:6)
  2 redbacks (Lair:4)
  4 vampires
  11 spriggans
  A tarantella (shapeshifter) (D:14)
  50 yaks
  7 wyverns
  2 hungry ghosts
  18 vampire mosquitoes
  A steam dragon (D:13)
  7 basilisks
  A death yak simulacrum (IceCv)
  9 insubstantial wisps
  7 wargs
  10 swamp worms
  9 water moccasins
  2 soldier ants (D:10)
  3 porcupines
  35 orc warriors
  10 ice beasts
  3 black bears
  An eye of draining (D:11)
  A swamp drake (Swamp:3)
  A black bear (shapeshifter) (D:14)
  A phantom (D:10)
  9 sky beasts
  20 ogres
  A necrophage (D:14)
  10 boggarts
  23 wolves
  5 centaurs
  9 crocodiles
  A big kobold (D:13)
  13 bullfrogs
  A gnoll sergeant (D:2)
  A water moccasin zombie (D:7)
  4 scorpions
  A swamp dragon simulacrum (IceCv)
  2 electric eels
  4 wights (D:12)
  5 crimson imps
  3 howler monkeys
  7 draconian simulacra (IceCv)
  A quasit (D:12)
  9 hounds
  6 jellies
  5 bullfrog zombies
  3 gnoll shamans
  18 orc priests
  27 orc wizards
  A bullfrog skeleton (D:11)
  3 iguanas
  2 spriggan simulacra (IceCv)
  3 troll simulacra (IceCv)
  10 worker ants
  A polar bear simulacrum (IceCv)
  A wolf simulacrum (IceCv)
  5 centaur simulacra
  A hound zombie (D:9)
  A hound skeleton (D:5)
  47 gnolls
  15 adders
  2 ogre simulacra (IceCv)
  2 naga simulacra (IceCv)
  24 white imps
  7 oozes (D:2)
  An adder skeleton (D:4)
  An adder zombie (D:8)
  3 worms
  7 leopard geckos
  92 orcs
  6 bats
  4 giant cockroaches
  3 hobgoblins
  14 jackals (D:3)
  A quokka (D:12)
  A ball python (D:3)
  4 frilled lizards
  6 goblins
  A jackal zombie (D:7)
  31 kobolds
  A leopard gecko skeleton (D:7)
  10 rats
  A bush (Lair:5)
  4 fungi
  4 plants
910 creatures vanquished.

Vanquished Creatures (others)
  A komodo dragon (Swamp:1)
  A spriggan (Swamp:3)
  An orc wizard (Orc:2)
  2 orc priests (Orc:2)
  2 orcs (Orc:2)
  17 fungi
  16 plants
  11 toadstools (D:2)
51 creatures vanquished.

Grand Total: 961 creatures vanquished

Notes
Turn   | Place    | Note
-------+----------+-------------------------------------------
     0 | D:1      | KamiKatze the Ogre Fighter began the quest for the Orb.
     0 | D:1      | Reached XP level 1. HP: 24/24 MP: 1/1
   161 | D:1      | Reached XP level 2. HP: 23/32 MP: 2/2
   552 | D:1      | Reached XP level 3. HP: 30/40 MP: 3/3
   956 | D:2      | Found an opulent altar of Gozag.
  1095 | D:2      | Reached skill level 3 in Axes
  1501 | D:2      | Reached XP level 4. HP: 29/49 MP: 4/4
  1980 | D:2      | Reached XP level 5. HP: 30/55 MP: 5/5
  1982 | D:2      | Reached skill level 5 in Fighting
  2686 | D:3      | Reached skill level 4 in Axes
  2964 | D:3      | Reached XP level 6. HP: 58/66 MP: 6/6
  3877 | D:4      | Reached XP level 7. HP: 59/74 MP: 7/7
  3914 | D:4      | Found Doqasheh's Antique Armour Boutique.
  4224 | D:4      | Reached skill level 5 in Axes
  4333 | D:4      | Bought a fine robe for 159 gold pieces
  4350 | D:4      | Identified the +3 robe "Veelaoma" {MR+} (You bought it in a shop on level 4 of the Dungeon)
  4356 | D:5      | Entered Level 5 of the Dungeon
  4911 | D:5      | Reached XP level 8. HP: 79/84 MP: 8/8
  5142 | D:6      | Reached skill level 6 in Axes
  5433 | D:6      | Noticed Grinder
  5436 | D:6      | Paralysed by Grinder for 2 turns
  5442 | D:6      | Killed Grinder
  5529 | D:6      | Reached skill level 5 in Dodging
  5529 | D:6      | Reached skill level 5 in Shields
  5692 | D:6      | Reached skill level 7 in Axes
  5782 | D:7      | Found a staircase to the Ecumenical Temple.
  5797 | Temple   | Entered the Ecumenical Temple
  6040 | Temple   | Became a worshipper of Trog the Wrathful
  6285 | D:2      | Reached XP level 9. HP: 35/94 MP: 9/9
  6880 | D:3      | Reached * piety under Trog
  7514 | D:7      | Reached skill level 8 in Axes
  7726 | D:7      | Noticed a hornet
  7736 | D:7      | Killed a hornet
  7736 | D:7      | Reached ** piety under Trog
  8529 | D:8      | Reached skill level 9 in Axes
  8529 | D:8      | Reached XP level 10. HP: 93/107 MP: 10/10
  8612 | D:8      | Identified Ekouc's Disquisition on Twisted Venom
  8762 | D:8      | You fall through a shaft for 2 floors!
  8762 | D:10     | Entered Level 10 of the Dungeon
  8942 | D:9      | Noticed Psyche
  8949 | D:9      | Killed Psyche
  9099 | D:8      | Noticed hofbold's ghost (novice GnMo)
  9146 | D:8      | Killed hofbold's ghost
  9359 | D:8      | Noticed a two-headed ogre
  9365 | D:8      | Killed a two-headed ogre
  9365 | D:8      | Reached skill level 10 in Fighting
  9365 | D:8      | Reached skill level 10 in Axes
  9614 | D:9      | Noticed Joseph
  9625 | D:9      | Killed Joseph
  9661 | D:9      | Reached *** piety under Trog
  9668 | D:9      | Reached XP level 11. HP: 91/119 MP: 11/11
  9730 | D:9      | Noticed a two-headed ogre
 10015 | D:9      | Killed a two-headed ogre
 10015 | D:9      | Reached skill level 11 in Axes
 10991 | D:10     | Found Zauwitoa's Gadget Boutique.
 11098 | D:10     | Found Omur Duss's Assorted Antiques.
 11102 | D:10     | Bought a sedimented grey potion for 21 gold pieces
 11567 | D:11     | Noticed a four-headed hydra
 11633 | D:11     | Killed a one-headed hydra
 11693 | D:11     | Noticed a cyclops
 11948 | D:11     | Found a staircase to the Lair.
 11975 | D:11     | Killed a cyclops
 12037 | D:11     | Reached **** piety under Trog
 12386 | Lair:1   | Entered Level 1 of the Lair of Beasts
 12569 | Lair:1   | Reached skill level 12 in Axes
 12569 | Lair:1   | Reached XP level 12. HP: 102/130 MP: 8/12
 13256 | Lair:2   | Noticed a seven-headed hydra
 13265 | Lair:2   | Killed a four-headed hydra
 13308 | Lair:2   | Found a frozen archway.
 13321 | IceCv    | Entered an ice cave
 13691 | IceCv    | Reached ***** piety under Trog
 14299 | IceCv    | Found an ancient bone altar of Kikubaaqudgha.
 14774 | IceCv    | Received a gift from Trog
 14774 | IceCv    | Reached skill level 13 in Axes
 15335 | Lair:2   | Got a coiled golden amulet
 15980 | Lair:2   | Reached XP level 13. HP: 67/141 MP: 10/13
 16496 | Lair:3   | Identified the amulet "Tosen" {Inacc +Inv Str+3 Int+3 Dex+4} (You found it on level 2 of the Lair of Beasts)
 16940 | Lair:3   | Got a ripped robe
 16951 | Lair:3   | Identified the +1 robe of Discretion {rC- Str+8 Dex+4} (You found it on level 3 of the Lair of Beasts)
 17094 | Lair:4   | Noticed Rupert
 17310 | Lair:4   | Noticed Nergalle
 17452 | Lair:4   | Killed Nergalle
 17641 | Lair:4   | Reached skill level 14 in Axes
 18514 | Lair:4   | Killed Rupert
 18514 | Lair:4   | Reached skill level 10 in Dodging
 18708 | Lair:4   | Noticed Harold
 19140 | Lair:4   | Found a staircase to the Swamp.
 19302 | Lair:4   | Found a hole to the Spider Nest.
 20090 | Lair:5   | You fall through a shaft!
 20090 | Lair:6   | Entered Level 6 of the Lair of Beasts
 20351 | Lair:5   | Found a staircase to the Slime Pits.
 20665 | Lair:5   | Reached skill level 15 in Axes
 20841 | Lair:5   | Reached XP level 14. HP: 75/156 MP: 7/14
 21663 | Lair:6   | Received a gift from Trog
 22866 | Lair:6   | Reached skill level 15 in Fighting
 23256 | Lair:6   | Reached skill level 16 in Axes
 24680 | D:12     | Reached XP level 15. HP: 143/167 MP: 13/15
 24688 | D:12     | Found a staircase to the Orcish Mines.
 24705 | D:12     | Received a gift from Trog
 25462 | Orc:1    | Entered Level 1 of the Orcish Mines
 25695 | Orc:1    | Noticed an orc warlord
 25751 | D:12     | Killed an orc warlord
 25871 | Orc:1    | Reached ****** piety under Trog
 25873 | Orc:1    | Received a gift from Trog
 25976 | Orc:1    | Found Bipyttoog's Assorted Antiques.
 25986 | Orc:1    | Bought a purple potion for 20 gold pieces
 26282 | Orc:2    | Entered Level 2 of the Orcish Mines
 26321 | Orc:2    | Found Kocrykach's General Store.
 26335 | Orc:2    | Found a staircase to the Elven Halls.
 26688 | Orc:2    | Reached skill level 1 in Throwing
 26830 | Orc:2    | Noticed an orc warlord
 26883 | Orc:2    | Noticed VanClaymore's ghost (journeyman GrEE)
 27388 | Orc:1    | Killed an orc warlord
 27520 | Orc:2    | Killed VanClaymore's ghost
 27520 | Orc:2    | Reached skill level 17 in Axes
 27668 | Orc:2    | Noticed an orc warlord
 27979 | Orc:1    | Killed an orc warlord
 28527 | Orc:2    | Received a gift from Trog
 29600 | Orc:2    | Paralysed by an orc sorcerer for 5 turns
 29652 | Orc:2    | Found Uzxeusih's Jewellery Emporium.
 29652 | Orc:2    | Found Hostrit's General Store.
 29656 | Orc:2    | Found Tidolat's General Store.
 29656 | Orc:2    | Found Ryff's Weapon Boutique.
 31120 | D:14     | Reached skill level 5 in Throwing
 31163 | D:14     | Noticed Urug
 31187 | D:14     | Killed Urug
 31187 | D:14     | Received a gift from Trog
 31310 | D:14     | Noticed Sonja
 31324 | D:14     | Killed Sonja
 31607 | D:14     | Found a gate to the Vaults.
 32160 | Orc:2    | Bought a +2 cloak of magic resistance for 344 gold pieces
 32261 | D:15     | Entered Level 15 of the Dungeon
 32270 | D:15     | Found a runed door.
 32273 | D:15     | Found the +12 glaive of Prune {chop}
 32357 | D:15     | Reached XP level 16. HP: 176/180 MP: 5/16
 32874 | D:15     | Received a gift from Trog
 33294 | D:15     | Received a gift from Trog
 33433 | D:15     | Reached skill level 18 in Axes
 34316 | D:15     | Found a staircase to the Depths.
 34846 | Swamp:1  | Entered Level 1 of the Swamp
 34846 | Swamp:1  | Noticed a thorn hunter
 35610 | Lair:4   | Killed a thorn hunter
 36321 | Swamp:1  | Received a gift from Trog
 36891 | Swamp:2  | You fall through a shaft!
 37487 | Swamp:3  | HP: 6/185 [insubstantial wisp/static electricity (6)]
 37488 | Swamp:3  | Mangled by a shambling mangrove

Skill      XL: |  1  2  3  4  5  6  7  8  9 10 11 12 13 14 15 16 |
---------------+-------------------------------------------------+-----
Dodging        | 3 4 5 6 7 8 9 10 11 12 13 | 13.3
Shields        | 3 4 5 6 7 8 9 |  9.1
Axes           | 3 4 5 7 9 10 12 13 15 16 17 18 | 18.0
Fighting       | 5 6 7 9 10 11 12 14 15 16 17 | 17.9
Throwing       | 5 |  5.0

Action                   |  1- 3 |  4- 6 |  7- 9 | 10-12 | 13-15 | 16-18 || total
-------------------------+-------+-------+-------+-------+-------+-------++-------
Melee: War axe           |   106 |   210 |   368 |   647 |  1046 |    11 ||  2388
       Broad axe         |       |       |       |       |   583 |   410 ||   993
 Fire: Blowgun           |       |       |       |       |     3 |       ||     3
Throw: Stone             |     2 |     5 |     6 |     1 |       |       ||    14
       Tomahawk          |       |       |       |     4 |       |       ||     4
       Javelin           |       |       |       |     8 |    13 |       ||    21
       Large rock        |       |       |       |       |     6 |     1 ||     7
Invok: Berserk           |       |       |     1 |    12 |    11 |     3 ||    27
       Trog's Hand       |       |       |       |     4 |    12 |     2 ||    18
       Burn Spellbooks   |       |       |       |     2 |     6 |     3 ||    11
 Abil: Evoke Berserk Rag |       |       |     3 |       |       |       ||     3
Evoke: Wand              |       |       |       |     2 |     2 |       ||     4
  Use: Scroll            |     3 |     5 |     4 |     7 |    10 |     7 ||    36
       Potion            |       |       |     1 |       |     4 |     3 ||     8
 Stab: Sleeping          |     1 |       |       |     3 |       |       ||     4
       Distracted        |       |       |       |     1 |     1 |       ||     2
  Eat: Ration            |     1 |     2 |     1 |     3 |     3 |     5 ||    15
       Chunk             |       |     1 |    14 |    29 |    57 |     4 ||   105
Armor: Robe              |    28 |    47 |    89 |   106 |   153 |    53 ||   476
       Troll leather arm |       |       |       |       |     5 |       ||     5
Dodge: Dodged            |    33 |    74 |   133 |   243 |   502 |   214 ||  1199
Block: Shield            |    65 |   117 |   201 |   388 |   798 |   237 ||  1806
